Map: [ESL] Tropical Sacrifice

Players

maru - Winner!

  • Race: Terran Terran
  • League: Diamond
  • Spawn Location: 7:00

ByuN

  • Race: Terran Terran
  • League: Diamond
  • Spawn Location: 1:00

Event: TSL 9

VOD

Have the link to the VOD?

Description

Time

  • Played on: Sept. 2, 2022, 11:44 a.m.
  • Length: 12:38

All games in this series

Show
View Real Time Build Order
Export as new Build Order

maru Terran - Winner!

Build Orders:  

Get SALT Encoding   

  12  0:00  SCV  
  13  0:12  SCV  
  14  0:17  Supply Depot  
  14  0:24  SCV  
  15  0:38  SCV  
  15  0:40  Barracks  
  16  0:44  Refinery  
  16  0:51  SCV  
  16  0:54  Refinery  
  17  1:03  SCV  
  18  1:15  SCV  
  19  1:27  Orbital Command  
  19  1:28  Reaper  
  20  1:33  Supply Depot  
  20  1:44  Factory  
  20  1:53  SCV  
  21  2:00  Barracks Reactor  
  21  2:05  SCV  
  22  2:17  SCV  
  23  2:24  Command Center  
  23  2:29  Hellion  
  25  2:33  SCV  
  26  2:37  Reaper  
  26  2:38  Reaper  
  26  2:43  Supply Depot  
  28  2:45  SCV  
  31  2:51  Hellion  
  31  3:04  Starport  
  31  3:05  SCV  
  32  3:11  Marine x2  
  34  3:13  Factory Tech Lab  
  34  3:17  SCV  
  35  3:26  Refinery  
  35  3:29  SCV  
  35  3:33  Cyclone  
  39  3:37  Orbital Command  
  39  3:40  Starport Tech Lab  
  39  3:43  SCV  
  40  3:52  Marine  
  40  3:55  SCV  
  38  4:02  Raven  
  39  4:03  SCV  
  39  4:07  SCV  
  39  4:09  Siege Tank  
  44  4:12  Marine x2  
  44  4:16  SCV  
  47  4:19  SCV  
  47  4:21  Supply Depot  
  48  4:28  SCV  
  49  4:33  SCV  
  49  4:36  Command Center  
  50  4:42  Siege Tank  
  50  4:43  SCV  
  54  4:46  Raven  
  54  4:50  Refinery  
  56  4:56  SCV  
  56  4:57  SCV  
  56  4:58  Marine x2  
  60  5:01  Supply Depot  
  60  5:08  SCV  
  60  5:09  SCV  
  61  5:20  Barracks x2  
  61  5:22  Siege Tank  
  61  5:23  SCV x2  
  64  5:34  Engineering Bay  
  64  5:35  Engineering Bay, SCV  
  65  5:38  SCV  
  66  5:47  SCV  
  66  5:48  Marine, Stimpack  
  66  5:49  Orbital Command  
  67  5:50  SCV  
  67  5:54  Starport Reactor  
  68  5:59  SCV  
  68  6:01  Terran Infantry Weapons Level 1, Terran Infantry Armor Level 1  
  68  6:02  Siege Tank  
  72  6:05  Marine  
  72  6:06  SCV  
  74  6:11  Supply Depot, Missile Turret  
  74  6:16  SCV x2  
  76  6:21  SCV  
  76  6:22  Supply Depot  
  77  6:31  Missile Turret  
  77  6:38  Marine x4  
  77  6:39  Marine  
  82  6:41  Starport Reactor, Siege Tank  
  82  6:43  Barracks  
  82  6:44  Barracks  
  85  6:48  Orbital Command  
  85  6:51  SCV  
  85  6:52  SCV  
  87  6:55  Supply Depot  
  87  6:56  Marine x2  
  89  7:03  SCV, Supply Depot  
  89  7:04  SCV  
  85  7:10  Marine x2  
  85  7:12  Marine  
  85  7:13  Siege Tank  
  85  7:14  Marine x2  
  79  7:15  SCV  
  79  7:18  Medivac x2  
  78  7:24  SCV  
  78  7:25  Orbital Command  
  78  7:27  Marine x2, SCV  
  78  7:29  Combat Shield  
  81  7:30  Marine  
  81  7:31  Barracks Reactor x2, Marine  
  81  7:33  Armory  
  81  7:36  SCV  
  84  7:40  Marine  
  84  7:42  SCV  
  86  7:45  Marine x2  
  86  7:46  Siege Tank  
  86  7:48  SCV  
  86  7:50  SCV  
  93  7:54  SCV  
  93  7:55  Sensor Tower  
  93  7:58  Marine x2  
  95  7:59  Marine  
  95  8:00  SCV  
  95  8:02  Medivac, SCV  
  95  8:03  Marine  
  102  8:06  SCV  
  102  8:11  Supply Depot  
  102  8:12  SCV  
  104  8:14  Marine  
  104  8:15  Marine x2, Supply Depot  
  104  8:18  Marine x2  
  104  8:19  Marine x2  
  114  8:20  Siege Tank  
  114  8:21  SCV  
  114  8:22  SCV  
  114  8:26  Terran Infantry Weapons Level 2, Terran Infantry Armor Level 2  
  116  8:28  Marine  
  116  8:32  Marine x3  
  120  8:35  Marine  
  120  8:36  Marine, SCV  
  120  8:37  Supply Depot  
  120  8:41  Refinery  
  120  8:42  Refinery  
  120  8:44  Marine x2  
  122  8:49  Terran Vehicle Weapons Level 1  
  122  8:55  SCV x2  
  124  8:56  SCV  
  124  8:57  Marine x3, Factory  
  124  8:58  Marine x2  
  124  9:00  Barracks Reactor, Siege Tank  
  133  9:05  Supply Depot  
  133  9:07  SCV  
  132  9:13  Marine  
  132  9:14  Marine  
  117  9:17  Marine x3  
  117  9:18  Marine  
  117  9:21  Marine x2  
  117  9:23  Medivac x2  
  124  9:32  Siege Tank  
  124  9:36  Marine x2  
  124  9:37  Marine x2  
  131  9:42  Command Center  
  131  9:44  Marine x3  
  131  9:45  SCV  
  135  9:51  Marine x3  
  133  9:53  Medivac x2  
  133  9:54  Marine x3  
  133  9:57  Marine  
  130  10:02  Marine x3  
  130  10:06  Siege Tank  
  126  10:09  Marine x3  
  126  10:10  Siege Tank  
  126  10:12  Marine x2  
  130  10:14  SCV x3  
  130  10:17  Marine x2  
  130  10:20  Marine  
  135  10:26  Marine x2  
  135  10:27  Marine x2  
  135  10:30  Marine x3  
  135  10:32  Medivac  
  135  10:35  Marine x2  
  142  10:37  Marine  
  142  10:42  Supply Depot, Siege Tank  
  144  10:43  Marine  
  145  10:56  Planetary Fortress, SCV  
  145  10:57  SCV x2  
  135  10:58  Marine x3  
  135  11:02  Marine x2  
  134  11:09  SCV  
Show
View Real Time Build Order
Export as new Build Order

ByuN Terran 

Build Orders:  

Get SALT Encoding   

  12  0:00  SCV  
  13  0:12  SCV  
  14  0:17  Supply Depot  
  14  0:24  SCV  
  15  0:39  SCV  
  15  0:41  Barracks  
  16  0:43  Refinery  
  16  0:51  SCV  
  16  0:54  Refinery  
  17  1:03  SCV  
  18  1:15  SCV  
  19  1:27  Reaper  
  19  1:28  Orbital Command  
  20  1:34  Supply Depot  
  20  1:42  Factory  
  20  1:53  SCV  
  21  1:59  Reaper  
  22  2:05  SCV  
  23  2:17  SCV  
  24  2:23  Command Center  
  24  2:29  Hellion  
  26  2:31  SCV  
  26  2:34  Barracks Reactor  
  27  2:43  Starport  
  27  2:49  Supply Depot  
  27  2:51  SCV  
  28  2:56  Widow Mine  
  30  3:03  SCV  
  31  3:11  Marine  
  31  3:12  Marine  
  33  3:15  SCV  
  33  3:17  Factory Tech Lab  
  34  3:21  Medivac  
  36  3:27  SCV  
  36  3:29  Marine x2  
  39  3:35  Orbital Command  
  39  3:39  SCV  
  40  3:42  Factory Tech Lab, Refinery  
  40  3:47  Marine  
  40  3:57  SCV  
  43  4:02  Cyclone  
  43  4:05  Raven  
  43  4:09  SCV x2  
  47  4:18  Supply Depot  
  47  4:21  SCV x2  
  47  4:23  Marine x2  
  51  4:32  Supply Depot  
  51  4:33  SCV x2  
  53  4:40  Siege Tank  
  53  4:42  Supply Depot  
  53  4:45  SCV x2  
  58  4:50  Raven  
  60  4:57  SCV  
  60  4:59  Marine x2  
  63  5:05  SCV  
  64  5:09  SCV  
  65  5:18  Marine, SCV  
  65  5:19  Marine, Siege Tank  
  69  5:21  Command Center  
  69  5:26  SCV  
  70  5:29  Supply Depot  
  70  5:30  SCV  
  70  5:34  Raven  
  70  5:35  Refinery  
  73  5:38  SCV  
  73  5:42  SCV  
  75  5:50  SCV  
  75  5:53  Barracks  
  75  5:54  Barracks, SCV  
  77  6:01  Marine x2, Siege Tank  
  77  6:02  SCV  
  83  6:06  SCV  
  84  6:13  Engineering Bay x2  
  84  6:14  SCV  
  84  6:18  SCV  
  86  6:33  Marine, SCV x2, Siege Tank  
  91  6:43  Orbital Command  
  91  6:45  SCV x2  
  91  6:51  Barracks Reactor x2, Terran Infantry Weapons Level 1, Terran Infantry Armor Level 1  
  90  6:57  SCV x2  
  90  6:59  Marine  
  88  7:13  Siege Tank  
  88  7:15  SCV x2  
  90  7:18  Marine  
  90  7:20  Viking  
  90  7:26  SCV  
  90  7:27  SCV x2  
  90  7:29  Marine  
  93  7:31  Barracks, Stimpack  
  93  7:32  Barracks  
  93  7:34  Marine x3  
  93  7:36  Marine  
  98  7:38  Supply Depot  
  98  7:40  SCV x2  
  98  7:42  SCV  
  98  7:46  Siege Tank  
  98  7:47  Marine  
  98  7:51  Medivac  
  104  7:52  Marine x3  
  104  7:53  Marine  
  104  7:57  Viking  
  109  8:00  SCV x3  
  109  8:05  Marine, Refinery x2  
  112  8:07  Sensor Tower  
  112  8:09  Marine  
  112  8:10  Marine x2  
  112  8:11  Marine  
  117  8:17  SCV x3  
  119  8:21  Orbital Command  
  119  8:23  Armory, Marine, Barracks Reactor  
  119  8:24  Barracks Reactor  
  119  8:25  Siege Tank  
  123  8:27  Marine x2  
  123  8:31  SCV  
  125  8:37  Supply Depot  
  125  8:50  Sensor Tower  
  125  8:54  Marine x5  
  125  8:55  SCV x2  
  132  9:02  Supply Depot  
  132  9:03  SCV, Supply Depot  
  132  9:06  Command Center, Marine x3  
  132  9:07  SCV x2, Siege Tank  
  141  9:11  Combat Shield  
  141  9:13  Marine  
  141  9:14  Marine  
  141  9:15  SCV  
  123  9:21  Marine  
  123  9:22  Marine x3  
  123  9:23  Orbital Command  
  114  9:27  Marine x3  
  114  9:29  SCV x2  
  119  9:36  Marine  
  117  9:39  Marine x2, Siege Tank  
  117  9:40  Marine  
  117  9:41  SCV x2  
  122  9:46  Terran Infantry Weapons Level 2  
  110  9:55  SCV  
  110  9:57  SCV  
  110  9:59  Marine, SCV  
  98  10:00  Marine x2  
  98  10:01  Marine x2  
  98  10:04  Marine  
  98  10:05  Marine  
  95  10:07  SCV  
  95  10:09  SCV  
  95  10:11  Marine, SCV, Siege Tank  
  100  10:17  Marine x2  
  100  10:20  SCV  
  103  10:21  SCV  
  103  10:23  SCV, Viking x2  
  103  10:24  Orbital Command  
  104  10:29  Marine x2  
  104  10:32  Marine x2  
  104  10:34  Marine  
  106  10:37  Marine x2  
  106  10:38  Marine  
  107  10:43  Marine  
  107  10:44  Siege Tank  
  107  10:47  Marine x2  
  113  10:53  Medivac  
  113  10:56  Marine x2  
  112  10:58  Marine  
  112  11:00  Marine  
  112  11:01  Marine  
Tags
 
Add a new tag
Caveats
  • Supply blocks, unpowered buildings, or Contaminate may cause inaccurate times.
  • Supply counts are checked every 10 seconds.